 Dungeon Crawl Stone Soup version 0.29.1-1-gd02db6906a (webtiles) character file.

Game seed: 13407303087275419998

37 Kaiern the Grave Robber (level 3, -6/28 HPs)
             Began as a Hill Orc Necromancer on Oct 5, 2022.
             Succumbed to Terence's poison
             ... on level 2 of the Dungeon.
             The game lasted 00:07:40 (2143 turns).

Kaiern the Grave Robber (Hill Orc Necromancer)      Turns: 2143, Time: 00:07:40

Health: -6/28      AC:  2    Str: 10    XL:     3   Next: 41%
Magic:  1/5        EV: 12    Int: 17    God:
Gold:   53         SH:  0    Dex: 11    Spells: 1/5 levels left

rFire   + . .      SeeInvis .   i - +0 short sword
rCold   + . .      Faith    .   (no shield)
rNeg    . . .      Spirit   .   a - +0 robe
rPois   +          Reflect  .   (no helmet)
rElec   +          Harm     .   (no cloak)
rCorr   +          Rampage  .   (no gloves)
Will    .....                   (no boots)
Stlth   ++........              (no amulet)
HPRegen 0.09/turn               (no ring)
MPRegen 0.09/turn               (no ring)

@: lethally poisoned (-6 -> -37), resistant
A: no striking features
a: no special abilities


You were on level 2 of the Dungeon.
You visited 1 branch of the dungeon, and saw 2 of its levels.

You collected 53 gold pieces.

Inventory:

Hand Weapons
 i - a +0 short sword (weapon)
Armour
 a - a +0 robe (worn)
Scrolls
 c - a scroll of teleportation {unknown}
 d - a scroll of fog {unknown}
 g - a scroll of identify {unknown}
Potions
 b - a potion of magic
 e - a potion of might {unknown}
 h - a potion of curing {unknown}


   Skills:
 + Level 1.6 Fighting
 + Level 1.4 Armour
 - Level 1.5 Dodging
 - Level 1.5 Stealth
 + Level 1.9 Spellcasting
 + Level 4.2 Necromancy


You had one spell level left.
You knew the following spells:

 Your Spells              Type           Power      Damage    Failure   Level
a - Necrotise             Necr           64%        1d7       3%          1
b - Vampiric Draining     Necr           16%        2d7       10%         3

Your spell library contained the following spells:

 Spells                   Type           Power      Damage    Failure   Level
 Animate Dead             Necr           16%        N/A       32%         4
 Agony                    Necr           16%        N/A       67%         5


Dungeon Overview and Level Annotations

Branches:
Dungeon (2/15)

Altars:

Annotations:
D:2 Terence


Message History

Your kobold skeleton hits the dart slug.
The dart slug dies!
Casting: Necrotise (safe; 3% risk of failure)
Confirm with . or Enter, or press ? or * to list all spells.
Aiming: Necrotise (safe; 3% risk of failure)
Press: ? - help, Shift-Dir - straight line, f - rat
Aim: a rat (ally target, chance to affect: 86%)
The rat writhes in agony.
You kill the rat!
The dead are walking!
You hit Terence but do no damage.
Your hobgoblin skeleton closely misses Terence.
Terence hits you with a +1 short sword of venom.
Your kobold skeleton closely misses Terence.
You hit Terence but do no damage.
Terence hits you with a +1 short sword of venom.
You are poisoned.
Your hobgoblin skeleton barely misses Terence.
You hit Terence.
Terence is moderately wounded.
You feel very sick.
Your kobold skeleton hits Terence but does no damage.
Your rat skeleton bites Terence but does no damage.
Terence hits you with a +1 short sword of venom.
You are lethally poisoned!
Your hobgoblin skeleton hits Terence but does no damage.
Casting: Necrotise (safe; 3% risk of failure)
Confirm with . or Enter, or press ? or * to list all spells.
You don't have enough magic to cast this spell.
You hit Terence but do no damage.
Terence is moderately wounded.
You feel very sick.
Your kobold skeleton barely misses Terence.
Terence hits you with a +1 short sword of venom!
* * * LOW HITPOINT WARNING * * *
You are more poisoned.
Your rat skeleton bites Terence but does no damage.
It was a potion of resistance.
You feel protected.
You die...

######.###..........#
#........#..........#
#........#.........(#
#........#..........#
#........############
#........#######
#........##....###..
#........''.....[...
#........##@...###.
#........#..@Z...#
#........#.ZZ...[...
#........#.###.###..
##########. ... . #.
...# #. .... #. ..#.#
.#..


You could see Terence (ally target), a friendly rat skeleton, a friendly
hobgoblin skeleton and a friendly kobold skeleton.

Vanquished Creatures
  4 orcs (D:2)
  A bat (D:1)
  2 endoplasms
  2 giant cockroaches
  3 goblins (D:1)
  4 hobgoblins
  A quokka (D:1)
  3 frilled lizards
  4 kobolds
  2 rats
26 creatures vanquished.

Vanquished Creatures (collateral kills)
  A dart slug (D:2)
  A hobgoblin (D:1)
2 creatures vanquished.

Grand Total: 28 creatures vanquished

Notes
Turn   | Place    | Note
-------+----------+-------------------------------------------
     0 | D:1      | Kaiern the Hill Orc Necromancer began the quest for the
                  | Orb.
     0 | D:1      | Reached XP level 1. HP: 14/14 MP: 3/3
   312 | D:1      | Reached XP level 2. HP: 22/22 MP: 0/4
   455 | D:1      | Reached skill level 1 in Fighting
   466 | D:1      | Reached skill level 1 in Armour
   859 | D:1      | Found a faded altar of an unknown god.
  1765 | D:2      | Reached XP level 3. HP: 28/28 MP: 0/5
  2101 | D:2      | Learned a level 3 spell: Vampiric Draining
  2130 | D:2      | Noticed Terence
  2142 | D:2      | HP: 1/28 [Terence/+1 short sword of venom (8)]
  2143 | D:2      | Succumbed to Terence's poison

Illustrated notes

Levels and vault maps discovered:
D:1:      dpeg_arrival_shelter, layout_basic,
          dreamdust_ecumenical_altar_statues, serial_curves, eino_curves_02,
          eino_curves_03, chequers_serial_rivers_room_a,
          chequers_serial_rivers_small_3
D:2:      layout_basic, st_stairs_3, corexii_leaking_fountain, uniq_terence

Skill      XL: |  1  2 |
---------------+-------+-----
Fighting       | 1 |  1.6
Armour         | 1 |  1.4
Dodging        | |  1.5
Stealth        | |  1.5
Spellcasting   | |  1.9
Necromancy     | |  4.2

Action                   || total
-------------------------++-------
Melee: Short sword       ||    31
       Dagger            ||     2
 Cast: Necrotise         ||    48
  Use: Potion            ||     1
Armor: Robe              ||     7
Dodge: Dodged            ||    20
